 Dungeon Crawl Stone Soup version 0.31.0-11-ge490571c62 (webtiles) character file.

Game seed: 7495322913218767952

71 qw the Shooter (level 4, 0/25 HPs)
             Began as a Deep Elf Hunter on Feb 4, 2024.
             Slain by Jessica
             ... wielding a +4 club
              (8 damage)
             ... on level 2 of the Dungeon.
             The game lasted 00:00:03 (1004 turns).

qw the Shooter (Deep Elf Hunter)                    Turns: 1004, Time: 00:00:04

Health: 0/25       AC:  4    Str: 10    XL:     4   Next: 5%
Magic:  6/6        EV: 12    Int: 14    God:
Gold:   69         SH:  0    Dex: 18    Spells: 3/3 levels left

rFire   . . .        a - +0 shortbow
rCold   . . .        (shield currently unavailable)
rNeg    . . .        c - +0 leather armour
rPois   .            (no helmet)
rElec   .            (no cloak)
rCorr   .            d - +0 pair of gloves
SInv    +            (no boots)
Will    .....        (no amulet)
Stlth   ++           i - ring of see invisible
HPRegen 0.24/turn    (no ring)
MPRegen 0.10/turn

%: no passive effects
@: no status effects
A: no striking features
a: no special abilities


You were on level 2 of the Dungeon.
You visited 1 branch of the dungeon, and saw 2 of its levels.

You collected 69 gold pieces.


   Skills:
 - Level 1.5 Fighting
 + Level 7.5 Ranged Weapons
 - Level 2.4 Dodging
 - Level 1.2 Stealth


You had 3 spell levels left.
You didn't know any spells.
Your spell library was empty.

Inventory:

Hand Weapons
 a - a +0 shortbow (weapon)
Armour
 c - a +0 leather armour (worn)
 d - a +0 pair of gloves (worn)
Jewellery
 e - a +4 ring of slaying {mikee}
 i - a ring of see invisible (left hand)
Potions
 b - a potion of mutation {unknown}
 g - a potion of curing

Dungeon Overview and Level Annotations

Branches:
Dungeon (2/15)

Altars:

Annotations:
D:2 Jessica


Message History

The arrow hits Jessica.
Jessica shouts!
Jessica is lightly wounded.
You shoot an arrow. The endoplasm quivers.
The frilled lizard hisses angrily.
The arrow hits the howler monkey.
The howler monkey is moderately wounded.
You shoot an arrow.
The arrow barely misses the howler monkey.
You shoot an arrow. The arrow hits the howler monkey.
The howler monkey is severely wounded.
Jessica gestures wildly while chanting.
Jessica blinks!
The howler monkey hits you.
You shoot an arrow. The arrow hits the howler monkey.
The howler monkey is almost dead.
Jessica shouts, "I don't like beings like you!"
The howler monkey hoots and howls with incredible vigour!
You shoot an arrow.
The arrow barely misses the howler monkey.
The howler monkey hits you but does no damage.
You shoot an arrow.
The arrow completely misses the howler monkey.
The howler monkey barely misses you.
Jessica mumbles some strange words.
Jessica seems to speed up.
The endoplasm hits you but does no damage.
The howler monkey hits you. The endoplasm freezes you.
You are frozen.
You shoot an arrow. The arrow hits the howler monkey!
You kill the howler monkey!
Jessica hits you with a +4 club. The endoplasm freezes you.
You are frozen.
Your Ranged Weapons skill increases to level 7!
You have reached level 4!
You feel clever.
You shoot an arrow. The arrow completely misses Jessica.
Jessica hits you with a +4 club! x2
You die...

## #............ .#
..........##............ .#
.....).../##............ .##
..........##............ ..##
...!......##............ #..#
..........##......%..... ##.###
.)........##............ .....#
......lJ@.######'#######
...#%###########@# #.#
...#(.........##.# #.#
...#..........##.# #.#
...#..........##.########.#
...#.(........#...........#
...#...:................###
...#.......%.....######.#########
##########.#....# #...........
#.#.....>#..########.


You could see Jessica (fast), an endoplasm and a frilled lizard.

Vanquished Creatures
  A howler monkey (D:2)
  A dart slug (D:2)
  6 ball pythons
  An endoplasm (D:2)
  3 hobgoblins
  4 quokkas
  2 bats (D:1)
  4 frilled lizards (D:1)
  5 goblins
  4 kobolds
  3 rats (D:1)
34 creatures vanquished.

Notes
Turn   | Place    | Note
-------+----------+-------------------------------------------
     0 | D:1      | qw the Deep Elf Hunter began the quest for the Orb.
     0 | D:1      | Reached XP level 1. HP: 12/12 MP: 3/3
     0 | D:1      | 0 ||| qw: Version: 0.3-a-160-g6735b56
     0 | D:1      | 0 ||| qw: Game counter: 5713
     0 | D:1      | 0 ||| qw: Melee chars always use a shield: true
     0 | D:1      | 0 ||| qw: God list: Okawaru
     0 | D:1      | 0 ||| qw: Allow faded altars: false
     0 | D:1      | 0 ||| qw: Do Orc after clearing Dungeon:15 true
     0 | D:1      | 0 ||| qw: Do second Lair branch before Depths: true
     0 | D:1      | 0 ||| qw: Lair rune preference: random
     0 | D:1      | 0 ||| qw: Goals: Normal
     0 | D:1      | 0 ||| PLANNING D:1-11
   120 | D:1      | Reached XP level 2. HP: 16/16 MP: 4/4
   156 | D:1      | Reached skill level 6 in Ranged Weapons
   567 | D:1      | 567 ||| UPGRADING to +0 pair of gloves.
   572 | D:1      | 572 ||| UPGRADING to ring of see invisible.
   573 | D:1      | 573 ||| READING scroll labelled ZYTZYA TEMUM.
   574 | D:1      | 574 ||| READING 2 scrolls labelled ASAUVO VISIQ.
   574 | D:1      | 574 ||| IDENTIFYING golden potion
   575 | D:1      | 575 ||| READING scroll of identify.
   575 | D:1      | 575 ||| IDENTIFYING 2 bubbling inky potions
   576 | D:1      | 576 ||| READING scroll labelled IMAWUCH KAXZUI.
   677 | D:1      | 677 ||| DROPPING scroll of butterflies.
   678 | D:1      | 678 ||| DROPPING 2 potions of lignification.
   861 | D:2      | Reached XP level 3. HP: 20/20 MP: 5/5
   995 | D:2      | Noticed Jessica
  1004 | D:2      | Reached skill level 7 in Ranged Weapons
  1004 | D:2      | Reached XP level 4. HP: 16/25 MP: 6/6
  1004 | D:2      | Slain by Jessica

Levels and vault maps discovered:
D:1:      dpeg_arrival_radiant, layout_rooms, minmay_misc_feat_alley,
          minmay_tromino_i4
D:2:      layout_basic, skrybe_limestone_x, uniq_jessica

Skill      XL: |  1  2  3 |
---------------+----------+-----
Ranged Weapons | 6 7 |  7.5
Fighting       | |  1.5
Dodging        | |  2.4
Stealth        | |  1.2

Action                     |  1- 3 |  4- 6 || total
---------------------------+-------+-------++-------
   Fire: Shortbow          |    80 |     1 ||    81
    Use: Scroll            |     4 |       ||     4
 Armour: Leather armour    |    11 |     2 ||    13
  Dodge: Dodged            |     5 |       ||     5

Table legend:
 A = Non-vault XP
 B = Vault XP
 C = Vault XP percentage of total XP
 D = Non-vault monster count
 E = Vault monster count
 F = Vault count percentage of total count
                 A         B        C        D         E       F
            +---------+---------+-------+---------+---------+-------
      Total |     100 |       2 |   2.0 |      32 |       2 |   5.9
            +---------+---------+-------+---------+---------+-------
        D:1 |      26 |       2 |   7.1 |      18 |       2 |  10.0
        D:2 |      74 |       0 |   0.0 |      14 |       0 |   0.0
            +---------+---------+-------+---------+---------+-------
